 Dungeon Crawl Stone Soup version 0.27.1-33-g824d729ab1 (webtiles) character file.

Game seed: 15124661237261989766

11 Karpo the Digger (level 2, 0/15 HPs)
             Began as a Gargoyle Earth Elementalist on Dec 29, 2021.
             Slain by a goblin (3 damage)
             ... on level 1 of the Dungeon.
             The game lasted 00:02:09 (490 turns).

Karpo the Digger (Gargoyle Earth Elementalist)       Turns: 490, Time: 00:02:09

Health: 0/15       AC:  4    Str: 11    XL:     2   Next: 29%
Magic:  5/5        EV: 11    Int: 15    God:
Gold:   24         SH:  0    Dex: 10    Spells: 4/5 levels left

rFire    . . .     SeeInvis .   e - +0 mace
rCold    . . .     Faith    .   (no shield)
rNeg     + . .     Spirit   .   b - +0 robe
rPois    ∞         Reflect  .   (no helmet)
rElec    +         Harm     .   (no cloak)
rCorr    .         Rampage  .   (no gloves)
Will     .....                  (no boots)
Stlth    ++........             (no amulet)
HPRegen  0.05/turn              (no ring)
MPRegen  0.09/turn              (no ring)

@: no status effects
A: sickness immunity, AC +2, negative energy resistance 1, electricity
resistance, torment resistance 1, petrification resistance
a: no special abilities


You were on level 1 of the Dungeon.
You visited 1 branch of the dungeon, and saw 2 of its levels.

You collected 24 gold pieces.

Inventory:

Hand Weapons
 e - a +0 mace (weapon)
Missiles
 c - 34 stones
Armour
 b - a +0 robe (worn)
Jewellery
 d - an amulet of regeneration
Scrolls
 f - a scroll of identify {unknown}
 g - a scroll of enchant weapon {unknown}
Potions
 a - a potion of attraction {unknown}


   Skills:
 - Level 1.5 Dodging
 - Level 2.1 Stealth
 + Level 2.4 Spellcasting
 - Level 0.7 Transmutations
 + Level 4.1 Earth Magic


You had 4 spell levels left.
You knew the following spells:

 Your Spells              Type           Power      Damage    Failure   Level
a - Sandblast             Erth           28%        2d8       4%          1

Your spell library contained the following spells:

 Spells                   Type           Power      Damage    Failure   Level
 Passwall                 Tmut/Erth      7%         N/A       12%         2
 Stone Arrow              Conj/Erth      14%        3d7       28%         3
 Petrify                  Tmut/Erth      9%         N/A       61%         4


Dungeon Overview and Level Annotations

Branches:
Dungeon (2/15)

Altars:

Shops:
D:1 *   D:2 (


Innate Abilities, Weirdness & Mutations

You are immune to sickness and miasma.
Your stone body is resilient. (AC +2)
You are immune to poison.
You resist negative energy. (rN+)
You are resistant to electric shocks. (rElec)
You are resistant to unholy torment.
You are immune to petrification.


Message History

You thump the hobgoblin!
You kill the hobgoblin!
You now have 24 gold pieces (gained 7).
You see here a hobgoblin corpse.
You start resting.
Magic restored. 2 goblins come into view.
g - a scroll labelled VOAHEEKLYSULL The goblin shouts!
A kobold comes into view. It is wielding a +0 short sword.
Casting: Sandblast (safe; 4% risk of failure)
Confirm with . or Enter, or press ? or * to list all spells.
You can't see any susceptible monsters within range! (Use Z to cast anyway.)
Found an escape hatch in the floor.
Casting: Sandblast (safe; 4% risk of failure)
Confirm with . or Enter, or press ? or * to list all spells.
Aiming: Sandblast (safe; 4% risk of failure)
Press: ? - help, Shift-Dir - straight line, f - goblin
Aim: a goblin, wielding a +0 dagger (74% to hit)
The blast of sand hits the goblin.
You kill the goblin!
You start resting.
A kobold is nearby!
The kobold throws a stone.
The stone misses you.
A kobold comes into view. It is wielding a +0 short sword.
You see here a +0 dagger.
You barely miss the kobold.
The kobold shouts!
The kobold hits you with a +0 short sword. x2
The kobold hits you but does no damage.
The kobold hits you with a +0 short sword.
You barely miss the kobold. The kobold misses you.
The kobold barely misses you. The goblin barely misses you.
You closely miss the goblin. The goblin barely misses you.
The kobold hits you with a +0 short sword.
* * * LOW HITPOINT WARNING * * *
The goblin misses you. The kobold barely misses you.
You miss the goblin. The goblin hits you with a +0 dagger.
You die...

#...####........
...............
####+#............
..................
............†.... #
####......#####'## #.
......)...# #..#
>..#..#####.#....######.#
.......g@KK..............
#####.#####.###########.#
# #....# #.# ........#
#.# ........# #####.#
.......## #.....# .....g.
#...... ....... #......
K...... #......


You could see a goblin and 2 kobolds.

Vanquished Creatures
  2 endoplasms (D:1)
  3 goblins (D:1)
  A hobgoblin (D:1)
  A kobold (D:1)
  2 frilled lizards (D:1)
  A rat (D:1)
10 creatures vanquished.

Notes
Turn   | Place    | Note
-------+----------+-------------------------------------------
     0 | D:1      | Karpo the Gargoyle Earth Elementalist began the quest for
                  | the Orb.
     0 | D:1      | Reached XP level 1. HP: 10/10 MP: 3/3
    38 | D:2      | Found Sofunisk's Antique Weapon Shoppe.
    60 | D:1      | Found Ybihash's Assorted Antiques.
   352 | D:1      | Reached XP level 2. HP: 12/15 MP: 1/5
   418 | D:1      | Reached skill level 4 in Earth Magic
   490 | D:1      | Slain by a goblin

Illustrated notes

Levels and vault maps discovered:
D:1:      psy_arrival_spokes, layout_basic,
          shapermc_ecumenical_altar_mp_vishouse, serial_shops, shop,
          minmay_pentomino_o2
D:2:      layout_rooms, serial_shops, shop_statue, minmay_goblin_outpost

Skill      XL: |  1  2 |
---------------+-------+-----
Earth Magic    | 4 |  4.1
Dodging        | |  1.5
Stealth        | |  2.1
Spellcasting   | |  2.4
Transmutations | |  0.7

Action                   || total
-------------------------++-------
Melee: Mace              ||    15
       Unarmed           ||     3
 Cast: Sandblast         ||    11
Armor: Robe              ||     5
Dodge: Dodged            ||    21
